[Event "Team 45 45 League T31"]
[Site "Internet Chess Club"]
[Date "2006.07.17"]
[Round "4"]
[White "RD1974"]
[Black "RingLord"]
[Result "0-1"]
[WhiteElo "1643"]
[BlackElo "1683"]
[TimeControl "2700+45"]

1. e4 c5 2. Nc3 e6 3. g3 d6 4. Bg2 Be7 5. d3 Nf6 6. f4 Nc6 7. Nf3 Bd7 8. O-O O-O
9. h3 Rb8 10. g4 Qb6 11. Ne2 Rfd8 12. c3 c4+ 13. Kh1 cxd3 14. Qxd3 d5 15. e5 Ne4
16. Nfd4 Nxd4 17. Nxd4 Nc5 18. Qe2 Bc6 19. f5 exf5 20. gxf5 Bf8 21. Qg4 Bd7 22.
Bxd5 Nd3 23. Qg3 Nxc1 24. Raxc1 Bb5 25. Bxf7+ Kxf7 26. Rf2 Bc6+ 27. Kh2 Bd5 28.
Re1 Kg8 29. f6 Bf7 30. e6 Bd6 31. exf7+ Kxf7 32. Rf4 gxf6 33. Qh4 Bxf4+ 34. Qxf4
Qxb2+ 35. Re2 Qxc3 36. Rd2 Rxd4 37. Rxd4 Re8 38. Rd7+ Re7 39. Rxe7+ Kxe7 40.
Qe4+ Qe5+ 41. Qxe5+ fxe5 42. Kg3 b5 43. Kf3 a5 44. Ke4 Ke6 45. h4 b4 46. h5 a4
47. Kd3 Kf5 48. h6 Kf4 49. Kc4 b3 50. axb3 axb3 51. Kxb3 Ke3 52. Kc2 Kf2 53. Kd3
Kf3 54. Kd2 e4 55. Ke1 Ke3 56. Kf1 Kd2 57. Kf2 e3+ {White resigns} 0-1  aics%

[Event "Team 45 45 League T31"]
[Site "Internet Chess Club"]
[Date "2006.07.18"]
[Round "4"]
[White "jacknor"]
[Black "clarinetref"]
[Result "1-0"]
[WhiteElo "1560"]
[BlackElo "1529"]
[TimeControl "2700+45"]

1. d4 Nf6 2. Bf4 g6 3. Nf3 Bg7 4. e3 d6 5. Bd3 b6 6. Nbd2 Bb7 7. c3 a6 8. Qe2
Nbd7 9. h3 c5 10. O-O O-O 11. Rac1 Re8 12. Bh2 cxd4 13. cxd4 e5 14. dxe5 dxe5
15. e4 Nc5 16. Bb1 Bh6 17. Rcd1 Qc7 18. g4 Bf8 19. Rc1 Qd6 20. Nc4 Qe6 21. Ng5
Qc6 22. Nxe5 Rxe5 23. Bxe5 Bh6 24. Bxf6 Qxf6 25. h4 Re8 26. f3 Qd4+ 27. Kg2 f6
28. Rcd1 Qe5 29. Qc4+ Ne6 30. Nxe6 Rxe6 31. Rd8+ Kg7 32. Rd7+ Re7 33. Rxe7+ Qxe7
34. Qd4 Qc5 35. Qxc5 bxc5 36. Rd1 Bc6 37. Rd6 Bb5 38. Kg3 Bc1 39. b3 Bb2 40. Rd2
Bc3 41. Rd8 Be1+ 42. Kg2 Bxh4 43. Rc8 Bg5 44. Rxc5 Be3 45. Rc8 h5 46. gxh5 gxh5
47. Rd8 Bg5 48. Rd5 Bc6 49. Rd6 Bb5 50. Bd3 Bf4 51. Rd5 Bc6 52. Rxh5 Bg5 53.
Bxa6 Kg6 54. Rh1 Bf4 55. a4 f5 56. exf5+ Kxf5 57. Bd3+ Ke5 58. a5 Kd4 59. Bc4
Ke3 60. Re1+ Kd2 61. Re2+ Kc3 62. a6 Bb8 63. Re7 Kd4 64. a7 Bd6 65. Re6 Kc5 66.
b4+ Kxc4 67. Rxd6 {Black resigns} 1-0  aics%

[Event "Team 45 45 League T31"]
[Site "Internet Chess Club"]
[Date "2006.07.16"]
[Round "4"]
[White "Just-Jim"]
[Black "EyeAm"]
[Result "1-0"]
[WhiteElo "1387"]
[BlackElo "1308"]
[TimeControl "2700+45"]

1. e4 e5 2. c4 Nf6 3. d3 Bb4+ 4. Bd2 Bxd2+ 5. Qxd2 O-O 6. Nc3 d6 7. h3 c5 8. Nf3
h6 9. Be2 Nc6 10. O-O Nd4 11. Nxd4 exd4 12. Nd5 Nxd5 13. cxd5 Qg5 14. f4 Qh4 15.
f5 f6 16. Rf4 Qg3 17. Bf3 Qg5 18. h4 Qg3 19. Rg4 Qe5 20. Qxh6 Rf7 21. Rg6 Bxf5
22. exf5 Qxf5 23. Be4 Qc8 24. Re1 Qe8 25. g4 Rc8 26. Qh5 Qe5 27. Qxe5 dxe5 28.
Bf5 Rd8 29. Be6 Kf8 30. g5 Kg8 31. gxf6 Kh7 32. Bxf7 gxf6 33. Rxf6 Kg7 34. Rf5
Kh6 35. Rexe5 {Black resigns} 1-0  aics%

[Event "Team 45 45 League T31"]
[Site "Internet Chess Club"]
[Date "2006.07.15"]
[Round "4"]
[White "Klampin"]
[Black "rayngrant"]
[Result "1-0"]
[WhiteElo "1880"]
[BlackElo "1624"]
[TimeControl "2700+45"]

1. d4 Nf6 2. Nf3 g6 3. Bg5 Bg7 4. Nbd2 d6 5. e4 Nc6 6. h3 O-O 7. c3 Re8 8. Bd3
Nb8 9. O-O c5 10. Qe2 e5 11. dxe5 dxe5 12. Nc4 Nc6 13. Bc2 a6 14. Rad1 Qc7 15.
Be3 b5 16. Nd6 Rd8 17. Nxc8 Raxc8 18. Bxc5 Na5 19. Bb4 Nb7 20. a4 a5 21. Rxd8+
Nxd8 22. Bxa5 Qxa5 23. Qxb5 Qxb5 24. axb5 Rc5 25. Bd3 Nb7 26. c4 Nd6 27. Rd1
Ndxe4 28. b4 Rc8 29. Nxe5 Nc3 30. Ra1 Nfe4 31. Nc6 Ne2+ 32. Bxe2 Bxa1 33. Ne7+
Kf8 34. Nxc8 Bc3 35. b6 Nf6 36. c5 Bxb4 37. b7 Nd7 38. c6 {Black resigns} 1-0

[Event "Team 45 45 League T31"]
[Site "Internet Chess Club"]
[Date "2006.07.15"]
[Round "4"]
[White "NESKAYA"]
[Black "Kenzo2"]
[Result "1/2-1/2"]
[WhiteElo "1753"]
[BlackElo "1616"]
[TimeControl "2700+45"]

1. e4 d6 2. d4 Nf6 3. Bd3 g6 4. e5 dxe5 5. dxe5 Nd5 6. Be4 e6 7. a3 Bg7 8. c4
Qh4 9. Qf3 Nb6 10. Bxb7 Bxb7 11. Qxb7 Qxc4 12. Nd2 Qc6 13. Qxc6+ Nxc6 14. f4 Nd4
15. Kf2 Nd5 16. g3 Bf8 17. Ngf3 Nc2 18. Rb1 Bc5+ 19. Kg2 Nce3+ 20. Kh3 h5 21.
Ne4 Ng4 22. Nxc5 Nf2+ 23. Kg2 Nxh1 24. Kxh1 O-O 25. Nd7 Rfd8 26. Nf6+ Nxf6 27.
exf6 Rd1+ 28. Kg2 Rad8 29. b4 R8d3 30. Ra1 Rc3 31. Bb2 Rc2+ 32. Kh3 Rxa1 33.
Bxa1 Ra2 34. Be5 Rxa3 35. Nd4 Rc3 36. Nxe6 Rc4 37. Nxc7 Rxb4 38. Kh4 a5 39. Kg5
Rc4 40. Nd5 a4 41. Nb6 Rb4 42. Nd5 Rb3 43. Kh6 a3 44. Ne7+ Kf8 45. Bd6 Ke8 46.
Bxa3 Rxa3 47. f5 Ra6 48. Kg7 gxf5 49. Nxf5 Ra2 50. h4 Rd2 51. Kh6 Rd5 52. Kg5
Kd7 53. g4 Ke6 54. Kxh5 Kxf6 55. Kh6 Ra5 56. Ng7 Ra8 57. g5+ Ke7 58. Nf5+ Ke6
59. Ng7+ Ke7 60. Nf5+ Kf8 61. h5 Ra6+ 62. g6 fxg6 63. hxg6 Kg8 64. Ne7+ Kf8 65.
Kh7 Kxe7 66. g7 Ra1 67. g8=Q Rh1+ 68. Kg7 Rg1+ 69. Kh7 Rxg8 70. Kxg8 {Game drawn
because neither player has mating material} 1/2-1/2  aics%

[Event "Team 45 45 League T31"]
[Site "Internet Chess Club"]
[Date "2006.07.13"]
[Round "4"]
[White "Attacktics"]
[Black "mfunk"]
[Result "0-1"]
[WhiteElo "1356"]
[BlackElo "1620"]
[TimeControl "2700+45"]

1. e4 e5 2. Nc3 Nf6 3. Bc4 Nxe4 4. Bxf7+ Kxf7 5. Qf3+ Nf6 6. Ne4 d5 7. Nxf6 Qxf6
8. Qxd5+ Qe6 9. Qe4 Nc6 10. Nf3 Be7 11. O-O Qf5 {White resigns} 0-1  aics%

[Event "Team 45 45 League T31"]
[Site "Internet Chess Club"]
[Date "2006.07.15"]
[Round "4"]
[White "alaskauk"]
[Black "moreffee"]
[Result "1-0"]
[WhiteElo "1510"]
[BlackElo "1348"]
[TimeControl "2700+45"]

1. e4 c5 2. Nf3 d6 3. c3 a6 4. d4 cxd4 5. Nxd4 Nf6 6. Bd3 e6 7. O-O Be7 8. Be3
O-O 9. Re1 Nbd7 10. Nd2 Ne5 11. N2f3 Nxd3 12. Qxd3 e5 13. Nb3 Bg4 14. Bg5 Nh5
15. Bxe7 Qxe7 16. Nbd2 Nf4 17. Qe3 Qf6 18. g3 Nh3+ 19. Kf1 h6 20. Ng1 Ng5 21.
Rac1 Rac8 22. f3 Rfd8 23. Ke2 Be6 24. b3 d5 25. h4 Nh3 26. Nxh3 Bxh3 27. Rh1 Be6
28. g4 d4 29. cxd4 Rxc1 30. g5 hxg5 31. hxg5 Qg6 32. Rxc1 Rxd4 33. Rh1 f5 34.
Qf2 Qxg5 35. Ke1 f4 36. Rg1 Qe7 37. Qg2 Kf8 38. Rh1 Bg8 39. Qg6 Qb4 40. Rh2 Qc3
41. Qf5+ Bf7 42. Rh8+ Ke7 43. Qxe5+ Be6 44. Qxg7+ Bf7 45. Qe5+ Be6 46. Qg5+ Kd6
47. Qxf4+ Kd7 48. Rh7+ Ke8 49. Qb8+ Qc8 50. Rh8+ {Black resigns} 1-0  aics%

[Event "Team 45 45 League T31"]
[Site "Internet Chess Club"]
[Date "2006.07.16"]
[Round "4"]
[White "Vitruvian"]
[Black "bobhill"]
[Result "1/2-1/2"]
[WhiteElo "1954"]
[BlackElo "2019"]
[TimeControl "2700+45"]

1. e4 c5 2. c3 d5 3. exd5 Qxd5 4. d4 Nf6 5. Nf3 Bg4 6. Be2 e6 7. h3 Bh5 8. O-O
Be7 9. Be3 cxd4 10. Nxd4 Bxe2 11. Qxe2 O-O 12. Rd1 Rd8 13. Nd2 a6 14. c4 Qa5 15.
N2f3 Nbd7 16. a3 Qh5 17. Kf1 e5 18. Nb3 e4 19. Nfd4 Qxe2+ 20. Kxe2 Ne5 21. Nf5
Bf8 22. Nd2 h6 23. Ng3 Rac8 24. b3 b5 25. cxb5 axb5 26. Ndxe4 Rc2+ 27. Rd2
Rdxd2+ 28. Nxd2 Nd5 29. Bd4 Nc6 30. Be3 Nxe3 31. Kxe3 Bc5+ 32. Kd3 Rb2 33. Nge4
Bb6 34. f4 f5 35. Nd6 Nd4 36. Rb1 Ra2 37. a4 bxa4 38. bxa4 Ra3+ 39. Kc4 Rxa4+
40. Kd3 Ra3+ 41. Kc4 Bc7 42. Kxd4 Bxd6 43. Rf1 Bc7 44. Nc4 Rg3 45. Rf2 Kf7 46.
Kd5 Ke7 47. Re2+ Kd8 48. Ne5 Ra3 49. Ke6 Bxe5 50. fxe5 f4 51. Rf2 g5 52. Kf5 Ke7
53. h4 Ra8 54. hxg5 Rf8+ 55. Kg4 Rg8 56. Kxf4 Rxg5 57. Ra2 Rg6 58. g4 Rb6 59.
Kf5 Rb1 60. Ra7+ Kf8 61. Kg6 Rb6+ 62. Kf5 Rb1 63. Rh7 Rf1+ 64. Kg6 Rg1 65. Rxh6
Rxg4+ 66. Kf6 Ke8 67. Ke6 Kf8 68. Rh8+ Kg7 69. Ra8 Rb4 70. Rd8 Rb6+ 71. Ke7 Rb5
72. e6 Rb7+ 73. Rd7 Rb8 74. Kd6+ Kf8 75. Rf7+ Ke8 {Game drawn by mutual
agreement} 1/2-1/2  aics%

[Event "Team 45 45 League T31"]
[Site "Internet Chess Club"]
[Date "2006.07.19"]
[Round "4"]
[White "Simonside"]
[Black "Klampin"]
[Result "1-0"]
[WhiteElo "1950"]
[BlackElo "1867"]
[TimeControl "2700+45"]

1. Nf3 d5 2. g3 Nf6 3. Bg2 Bg4 4. c4 c6 5. b3 e6 6. O-O Bd6 7. d4 Nbd7 8. Nbd2
O-O 9. Bb2 Bxf3 10. Bxf3 Re8 11. e4 dxe4 12. Nxe4 Nxe4 13. Bxe4 e5 14. dxe5 Bxe5
15. Bxe5 Rxe5 16. Qc2 Nf6 17. Rfd1 Qe7 18. Bg2 Re2 19. Rd2 Rxd2 20. Qxd2 Rd8 21.
Re1 Qd7 22. Qxd7 Rxd7 23. Bh3 Rc7 24. Rd1 Kf8 25. f3 c5 26. Kf2 b6 27. Rd8+ Ke7
28. Rc8 Rxc8 29. Bxc8 Kd6 30. Ke3 Ke5 31. h4 h6 32. a3 Nh5 33. f4+ Kd6 34. g4
Nf6 35. Kf3 Ng8 36. Bb7 f6 37. Be4 Ne7 38. h5 Ke6 39. Bb7 g6 40. hxg6 f5 41.
gxf5+ Kxf5 42. Be4+ Kf6 43. f5 Kg5 44. b4 a5 45. b5 h5 46. Bd3 Ng8 47. Ke4 Nf6+
48. Ke5 h4 49. Bf1 Ng4+ 50. Ke6 Nf6 51. g7 Ng8 52. Bh3 Nh6 53. f6 Kg6 54. Bf5+
Kh5 55. f7 {Black resigns} 1-0

[Event "Team 45 45 League T31"]
[Site "Internet Chess Club"]
[Date "2006.07.13"]
[Round "4"]
[White "rayonline53"]
[Black "room-matt"]
[Result "0-1"]
[WhiteElo "1652"]
[BlackElo "1916"]
[TimeControl "2700+45"]

1. e4 e5 2. Nf3 Nc6 3. Bb5 Bc5 4. O-O Nd4 5. Nxd4 Bxd4 6. c3 Bb6 7. d4 exd4 8.
cxd4 c6 9. Ba4 d6 10. Nc3 Bd7 11. Bf4 Qe7 12. h3 Nf6 13. Re1 O-O 14. Bc2 h6 15.
Qd3 Ne8 16. e5 g6 17. exd6 Qh4 18. g4 Nf6 19. Ne4 Nd5 20. Bd2 Rad8 21. Nc5 Bc8
22. Ne6 Bxe6 23. Rxe6 Nf6 24. Bf4 Bxd4 25. Re2 c5 26. Kg2 Rde8 27. Rae1 Rxe2 28.
Rxe2 b6 29. b3 Rd8 30. Qa6 Rd7 31. Qc8+ Kg7 32. Be5 Bxe5 33. Rxe5 Rxd6 34. Qb7
Rd2 35. Qf3 Rxc2 36. Re2 Rxe2 37. Qxe2 Qg5 38. Kg3 h5 39. f4 h4+ 40. Kf3 Qd5+
41. Kf2 Ne4+ 42. Kg1 Nc3 43. Qf2 Qd4 {White resigns} 0-1  aics%

[Event "Team 45 45 League T31"]
[Site "Internet Chess Club"]
[Date "2006.07.21"]
[Round "4"]
[White "BaroneRosso"]
[Black "NFork"]
[Result "1-0"]
[WhiteElo "2075"]
[BlackElo "2147"]
[TimeControl "2700+45"]

1. d4 Nf6 2. c4 g6 3. Nc3 d5 4. cxd5 Nxd5 5. e4 Nxc3 6. bxc3 Bg7 7. Nf3 c5 8.
Rb1 Nc6 9. d5 Ne5 10. Nxe5 Bxe5 11. Qd2 O-O 12. f4 Bc7 13. Be2 e6 14. O-O exd5
15. exd5 b6 16. c4 Bf5 17. Rb3 Qd7 18. Bb2 Rae8 19. h3 Be4 20. Bf3 f6 21. Re1
Qf5 22. g4 Bxf4 23. gxf5 Bxd2 24. Rxe4 Rxe4 25. Bxe4 Re8 26. Bg2 Bg5 27. Kf1 Bh4
28. Bf3 gxf5 29. Rd3 Re1+ 30. Kg2 Kf8 31. Rd2 Re7 32. Re2 Rg7+ 33. Kf1 Rg3 34.
Bg2 Rd3 35. Re6 Kf7 36. Ke2 Rg3 37. Bf1 f4 38. Re4 Rg8 39. Rxf4 Bg5 40. Re4 Rd8
41. h4 Bh6 42. Bh3 Bg7 43. Be6+ Ke7 44. Rg4 Kf8 45. Kf3 a6 46. Kf4 Bh8 47. Kf5
Ke7 48. Rg8 b5 49. Rxd8 Kxd8 50. cxb5 axb5 51. d6 c4 52. Bc3 {Black resigns} 1-0
 aics%

[Event "Team 45 45 League T31"]
[Site "Internet Chess Club"]
[Date "2006.07.19"]
[Round "4"]
[White "NoLuckOnlySkill"]
[Black "matein7"]
[Result "0-1"]
[WhiteElo "1937"]
[BlackElo "1946"]
[TimeControl "2700+45"]

1. e4 d5 2. exd5 Nf6 3. d4 Nxd5 4. Nc3 e6 5. Nf3 Be7 6. Bd3 c5 7. O-O Nc6 8.
dxc5 Nxc3 9. bxc3 Bf6 10. Bb2 Qa5 11. Nd4 Qxc5 12. Nb3 Qb6 13. Rb1 Qc7 14. Qf3
Ne5 15. Qg3 Bd7 16. Rfd1 Rc8 17. h3 Nxd3 18. Qxc7 Rxc7 19. cxd3 O-O 20. c4 e5
21. f4 exf4 22. Bxf6 gxf6 23. Kf2 Rd8 24. Kf3 Bf5 25. Nc1 Rxc4 26. Ne2 Bxd3 27.
Nxf4 Be4+ 28. Ke3 Re8 29. Nd3 Bxg2+ 30. Kd2 Bxh3 31. Rg1+ Kf8 32. Rg3 Bf5 33.
Rbg1 Bg6 34. Rb1 Rd8 35. Rxb7 Rcd4 36. Rb3 Rxd3+ 37. Rbxd3 Rxd3+ 38. Rxd3 Bxd3
39. Kxd3 Ke7 {White resigns} 0-1  aics%  Unicornio21(*)(71): solo yanlr aics%

[Event "Team 45 45 League T31"]
[Site "Internet Chess Club"]
[Date "2006.07.16"]
[Round "4"]
[White "camembert"]
[Black "aksuw"]
[Result "0-1"]
[WhiteElo "1911"]
[BlackElo "1857"]
[TimeControl "2700+45"]

1. d4 Nf6 2. c4 g6 3. Nc3 Bg7 4. e4 d6 5. Be2 O-O 6. Bg5 Nbd7 7. Qd2 e5 8. d5 a5
9. f3 Nc5 10. h4 Qe8 11. g4 Nfd7 12. Nh3 f5 13. Nf2 f4 14. h5 h6 15. Bxh6 Bxh6
16. g5 Bxg5 17. O-O-O Rf7 18. Rdg1 Bd8 19. Ng4 Rh7 20. Bf1 g5 21. Qh2 Nf6 22.
Nf2 Rxh5 23. Nh3 Bxh3 24. Bxh3 c6 25. Qd2 {White resigns} 0-1  aics% 
emcutting(340): hey Tom lad aics%

[Event "Team 45 45 League T31"]
[Site "Internet Chess Club"]
[Date "2006.07.17"]
[Round "4"]
[White "bahus"]
[Black "Beetlejuice"]
[Result "1-0"]
[WhiteElo "1930"]
[BlackElo "1865"]
[TimeControl "2700+45"]

1. e4 e5 2. Nf3 Nf6 3. Nxe5 d6 4. Nf3 Nxe4 5. d4 d5 6. Bd3 Nc6 7. O-O Be7 8. c4
Nb4 9. Be2 O-O 10. Nc3 Be6 11. a3 Nxc3 12. bxc3 Nc6 13. cxd5 Qxd5 14. c4 Qe4 15.
Bd3 Qg4 16. d5 Rfd8 17. dxe6 fxe6 18. Qc2 Nd4 19. Nxd4 Qxd4 20. Bxh7+ Kh8 21.
Be3 Qh4 22. Bg6 Rf8 23. c5 Bf6 24. Rab1 b6 25. Rb4 {Black resigns} 1-0  aics%

[Event "Team 45 45 League T31"]
[Site "Internet Chess Club"]
[Date "2006.07.16"]
[Round "4"]
[White "Mississippian"]
[Black "Mutaant"]
[Result "1-0"]
[WhiteElo "1388"]
[BlackElo "1440"]
[TimeControl "2700+45"]

1. e4 e5 2. Bc4 Bc5 3. c3 Nc6 4. Nf3 d6 5. O-O Bg4 6. d3 h6 7. Nbd2 Qf6 8. Re1
Nge7 9. Bb3 a6 10. h3 Bh5 11. g4 Bg6 12. Nf1 Bh7 13. Ng3 Ng6 14. Nh5 Qe7 15.
Nxg7+ Kd7 16. Nf5 Qf8 17. Bxh6 Qe8 18. d4 Bb6 19. d5 Nce7 20. Ba4+ c6 21. dxc6+
Nxc6 22. Qxd6+ {Black resigns} 1-0  aics%

[Event "Team 45 45 League T31"]
[Site "Internet Chess Club"]
[Date "2006.07.12"]
[Round "4"]
[White "klassact"]
[Black "moreffee"]
[Result "0-1"]
[WhiteElo "1303"]
[BlackElo "1358"]
[TimeControl "2700+45"]

1. e4 c5 2. Nf3 d6 3. Nc3 a6 4. a4 Nf6 5. Bc4 e6 6. d4 cxd4 7. Nxd4 Nbd7 8. O-O
Ne5 9. Be2 h6 10. Nf3 Ng6 11. Be3 Be7 12. a5 Nd7 13. b4 O-O 14. Rb1 Qc7 15. Na4
Qc6 16. Nb6 Nxb6 17. Bxb6 Qxe4 18. Bd3 Qd5 19. Qe2 Nf4 20. Qe4 Qxe4 21. Bxe4 d5
22. Bd3 Bd7 23. Rfd1 Nxd3 24. Rxd3 Bb5 25. Rd2 Rac8 26. g3 Rc4 27. Nd4 Rxb4 28.
Rxb4 Bxb4 29. Rd1 Bc4 30. Rb1 Bc3 31. Nb3 Rc8 32. Nc5 Bxa5 33. Nxb7 Bxb6 34.
Rxb6 Bb5 35. Nd6 Rxc2 36. Nxb5 axb5 37. Rxb5 Rc7 38. h4 Kh7 39. Kg2 Kg6 40. Kf3
Rd7 41. Ke3 Kf5 42. f3 h5 43. Rb8 g6 44. Rb3 d4+ 45. Kd3 e5 46. Rb5 f6 47. Ra5
g5 48. hxg5 fxg5 49. Ra1 Rc7 50. Ra3 h4 {White resigns} 0-1  aics%

[Event "Team 45 45 League T31"]
[Site "Internet Chess Club"]
[Date "2006.07.14"]
[Round "4"]
[White "wekabird"]
[Black "juanhernandez"]
[Result "0-1"]
[WhiteElo "1225"]
[BlackElo "1398"]
[TimeControl "2700+45"]

1. d4 d5 2. Nf3 Nc6 3. e3 Nf6 4. c3 e6 5. Bd3 Bd6 6. Nbd2 O-O 7. O-O e5 8. e4
dxe4 9. Nxe4 Nxe4 10. Bxe4 Ne7 11. d5 Ng6 12. Bxg6 fxg6 13. Re1 Bg4 14. Re3 Bc5
15. Rd3 e4 16. Rd2 exf3 17. gxf3 Bxf3 18. Qf1 Qg5+ {White resigns} 0-1  aics%

[Event "Team 45 45 League T31"]
[Site "Internet Chess Club"]
[Date "2006.07.16"]
[Round "4"]
[White "thalamus"]
[Black "Riddari"]
[Result "0-1"]
[WhiteElo "1156"]
[BlackElo "1161"]
[TimeControl "2700+45"]

1. e4 c5 2. f4 d6 3. Nf3 Nc6 4. Bc4 e6 5. Nc3 a6 6. a4 Nf6 7. d3 d5 8. Ba2 d4 9.
Ne2 Nb4 10. Bc4 Qa5 11. Bd2 Qb6 12. b3 Be7 13. O-O O-O 14. Ng3 Bd7 15. Ne5 Qd8
16. Nxd7 Qxd7 17. f5 e5 18. Nh5 b5 19. Nxf6+ Bxf6 20. axb5 axb5 21. Rxa8 Rxa8
22. Bd5 Nxd5 23. exd5 Qxd5 24. Qg4 c4 25. Bg5 Bxg5 26. Qxg5 f6 27. dxc4 bxc4 28.
Qd2 cxb3 29. c3 d3 30. Rb1 Ra2 31. Rb2 Qc5+ 32. Qf2 Ra1+ {White resigns} 0-1 
aics%

[Event "Team 45 45 League T31"]
[Site "Internet Chess Club"]
[Date "2006.07.13"]
[Round "4"]
[White "rgadoury"]
[Black "guyd52"]
[Result "1/2-1/2"]
[WhiteElo "1336"]
[BlackElo "1343"]
[TimeControl "2700+45"]

1. e4 d6 2. Nf3 Nf6 3. Nc3 g6 4. Bc4 Bg7 5. d3 O-O 6. O-O e6 7. Rb1 d5 8. exd5
exd5 9. Bb3 d4 10. Ne2 c5 11. a4 Nbd7 12. c3 dxc3 13. bxc3 b6 14. c4 Bb7 15. Ng3
Qc7 16. Be3 Rfe8 17. Nd2 Ng4 18. Qxg4 Qc6 19. Nde4 Nf6 20. Nxf6+ Bxf6 21. Ne4
Bg7 22. Qh3 f5 23. Ng5 Rad8 24. Bc2 h6 25. Nf3 Kh7 26. Bxh6 Bxh6 27. Rfe1 Qf6
28. Rxe8 Rxe8 29. Rf1 Bc8 30. Qg3 f4 31. Qh4 Qxh4 32. Nxh4 Bg7 33. Nf3 Bc3 34.
Ng5+ Kg7 35. Ne4 Bb4 36. f3 Kh6 37. Rf2 Bd7 38. Re2 Bc6 39. Kf1 Bxe4 40. Rxe4
Rxe4 41. fxe4 Bc3 42. Ke2 a5 43. Kf3 g5 44. Kg4 Kg6 45. g3 Be5 46. gxf4 Bxf4 47.
h3 Be5 48. h4 gxh4 49. Kxh4 Kh6 50. Bd1 Bd6 51. Bg4 Be5 52. Bf5 Bd6 53. Kg4 Kg7
54. Kf3 Kf6 55. Ke3 Ke5 56. Bg4 {Game drawn by mutual agreement} 1/2-1/2  aics%

[Event "Team 45 45 League T31"]
[Site "Internet Chess Club"]
[Date "2006.07.13"]
[Round "4"]
[White "Conjurer"]
[Black "schweppz"]
[Result "0-1"]
[WhiteElo "1279"]
[BlackElo "1343"]
[TimeControl "2700+45"]

1. e4 d5 2. exd5 Nf6 3. c4 g6 4. Nf3 Bg7 5. Nc3 c6 6. d4 cxd5 7. c5 Nc6 8. Bb5
Qc7 9. O-O O-O 10. Re1 Bg4 11. Qd3 Bxf3 12. Bxc6 Bxg2 13. Kxg2 bxc6 14. Ne2 Ne4
15. Bf4 Qd7 16. Ng3 Qg4 17. Qe3 h5 18. h3 Qh4 19. Nxe4 dxe4 20. Qxe4 Qf6 21.
Rad1 Rfe8 22. a3 a5 23. b4 axb4 24. axb4 Ra2 25. Bg3 Rb2 26. d5 cxd5 27. Rxd5
Qc3 28. Rb1 Rxb1 29. Qxb1 Ra8 30. b5 Ra1 31. Qd3 Qe1 32. Kf3 Qh1+ 33. Ke2 Ra2+
34. Ke3 Bh6+ 35. Kd4 Rd2 36. Qxd2 Bxd2 37. Rd8+ Kh7 38. h4 Qd1 39. Kc4 Qc2+ 40.
Kd5 Qd3+ 41. Kc6 Qxd8 42. b6 Qc8+ 43. Bc7 Bf4 44. Kb5 Bxc7 45. bxc7 Qxc7 46. c6
Kg7 47. f3 Kf6 {White resigns} 0-1  aics%

[Event "Team 45 45 League T31"]
[Site "Internet Chess Club"]
[Date "2006.07.17"]
[Round "4"]
[White "JimGaming"]
[Black "Havoc"]
[Result "0-1"]
[WhiteElo "1324"]
[BlackElo "1463"]
[TimeControl "2700+45"]

1. e4 c5 2. Nf3 Nc6 3. Bb5 g6 4. O-O Bg7 5. c3 Nf6 6. Re1 O-O 7. d4 d5 8. e5 Ne4
9. Ng5 cxd4 10. cxd4 f6 11. Nxe4 dxe4 12. Bxc6 bxc6 13. Bf4 Qd5 14. Qb3 Be6 15.
Qxd5 cxd5 16. Nc3 fxe5 17. Bxe5 Bxe5 18. dxe5 Rf5 19. Nb5 Rxe5 20. Nc7 Rc8 21.
Nxe6 Rxe6 22. f4 d4 23. Rac1 Rxc1 24. Rxc1 d3 25. Kf2 e3+ 26. Kf1 e2+ 27. Kf2 d2
{White resigns} 0-1  aics%

[Event "Team 45 45 League T31"]
[Site "Internet Chess Club"]
[Date "2006.07.15"]
[Round "4"]
[White "WilmaP"]
[Black "Cataclysm"]
[Result "0-1"]
[WhiteElo "1158"]
[BlackElo "1219"]
[TimeControl "2700+45"]

1. e4 e5 2. Nf3 Nf6 3. Nc3 Bb4 4. Bc4 O-O 5. O-O Bxc3 6. bxc3 Nxe4 7. d3 Nf6 8.
Nxe5 d6 9. Nf3 Bg4 10. Re1 Nbd7 11. h3 Bh5 12. d4 d5 13. Bd3 Re8 14. Bd2 c6 15.
Rb1 Qc7 16. c4 Ne4 17. Be2 Nxd2 18. Nxd2 Rxe2 19. Rxe2 b6 20. Qe1 Bxe2 21. Qxe2
Nf6 22. c5 b5 23. Re1 Kf8 24. Nf3 Ne4 25. Ne5 f6 26. Qf3 Kg8 27. Ng4 Rf8 28. h4
Qa5 29. Kf1 Nd2+ 30. Kg1 Nxf3+ 31. gxf3 Qxe1+ 32. Kg2 Re8 33. h5 h6 34. f4 Re2
35. c3 f5 36. Nh2 Qxf2+ 37. Kh1 Qg2# {White checkmated} 0-1  aics%

[Event "Team 45 45 League T31"]
[Site "Internet Chess Club"]
[Date "2006.07.15"]
[Round "4"]
[White "smitty120"]
[Black "kamu"]
[Result "0-1"]
[WhiteElo "1783"]
[BlackElo "1654"]
[TimeControl "2700+45"]

1. e4 Nf6 2. e5 Nd5 3. d4 d6 4. Nf3 Bg4 5. c4 Nb6 6. h3 Bh5 7. Nc3 dxe5 8. dxe5
Qxd1+ 9. Kxd1 Bxf3+ 10. gxf3 Nc6 11. f4 e6 12. Be3 O-O-O+ 13. Ke1 Nd4 14. Rc1
Bb4 15. a3 Bxc3+ 16. Rxc3 Na4 17. Bxd4 Rxd4 18. Rc2 Rxf4 19. Rg1 g6 20. b4 Re4+
21. Be2 Rxe5 22. c5 Rd8 23. Rg4 b6 24. c6 b5 25. Kf1 a6 26. Rf4 f5 27. Rf3 Rd4
28. Bd3 Nb6 29. Kg2 Red5 30. Rc3 e5 31. Bb1 Nc4 32. Ba2 Rd6 33. Bxc4 Rxc4 34.
Rxc4 bxc4 35. Rc3 Rxc6 36. a4 Kd7 37. Kf3 Ke6 38. b5 {White resigns} 0-1  aics%

[Event "Team 45 45 League T31"]
[Site "Internet Chess Club"]
[Date "2006.07.17"]
[Round "4"]
[White "stakastra"]
[Black "BartL"]
[Result "0-1"]
[WhiteElo "1546"]
[BlackElo "1693"]
[TimeControl "2700+45"]

1. e4 e5 2. Nc3 Nf6 3. Nf3 Nc6 4. Bc4 Nxe4 5. Bxf7+ Kxf7 6. Nxe4 h6 7. h3 d5 8.
Ng3 Bd6 9. O-O Rf8 10. d3 Be6 11. Bd2 Kg8 12. a3 Qf6 13. Qc1 Bxh3 14. gxh3 Qxf3
15. Qd1 Qf6 16. Qg4 Nd4 17. Nh5 Qf7 18. f4 Nf5 19. fxe5 Bxe5 20. Rxf5 Qxf5 21.
Qxf5 Rxf5 22. Nxg7 Kxg7 23. Re1 Kh7 24. d4 Bxd4+ 25. Kg2 Rg8+ 26. Kh2 Rf2+
{White resigns} 0-1  aics%

[Event "Team 45 45 League T31"]
[Site "Internet Chess Club"]
[Date "2006.07.12"]
[Round "4"]
[White "Hastings"]
[Black "pflotus"]
[Result "0-1"]
[WhiteElo "1297"]
[BlackElo "1497"]
[TimeControl "2700+45"]

1. e4 e6 2. d4 d5 3. e5 c5 4. c3 Nc6 5. Nf3 Qb6 6. Bd3 Bd7 7. Bc2 Nge7 8. O-O
cxd4 9. cxd4 Nf5 10. Bxf5 exf5 11. Nc3 Be6 12. Ne2 h6 13. a3 g5 14. b4 f4 15. h3
Be7 16. Nc3 O-O 17. Re1 a5 18. b5 Nb8 19. a4 Nd7 20. Qb3 Rad8 21. Nxd5 Bxd5 22.
Qxd5 Nf6 23. Qc4 Rc8 24. Qd3 Nd5 25. Bb2 Bb4 26. Rac1 Bxe1 27. Rxc8 Rxc8 28.
Nxe1 Nb4 29. Qf5 Qe6 30. Qe4 Qd5 31. Qe2 Rc4 32. Qh5 Kg7 33. Qd1 f6 34. exf6+
Kxf6 35. Qh5 Kg7 36. Nf3 Nd3 37. Ne5 Nxe5 38. dxe5 Qe6 39. Qf3 b6 40. Qb7+ Kg6
41. Qb8 Rxa4 42. f3 Rb4 43. Qa8 Rxb2 {White resigns} 0-1  aics%

[Event "Team 45 45 League T31"]
[Site "Internet Chess Club"]
[Date "2006.07.14"]
[Round "4"]
[White "pokerram"]
[Black "HoHo"]
[Result "1/2-1/2"]
[WhiteElo "1666"]
[BlackElo "1697"]
[TimeControl "2700+45"]

1. e4 c5 2. Nf3 e6 3. d4 cxd4 4. Nxd4 Nf6 5. Nc3 d6 6. Be3 a6 7. a4 Be7 8. Be2
Qc7 9. O-O O-O 10. Qd2 Nbd7 11. f4 Nb6 12. b3 Rd8 13. a5 Nbd7 14. Bf3 Nf8 15.
Nde2 N8d7 16. Na4 d5 17. Ng3 Nc5 18. Nxc5 Bxc5 19. Bxc5 Qxc5+ 20. Kh1 Bd7 21. e5
Ne8 22. b4 {Game drawn by mutual agreement} 1/2-1/2  aics%

[Event "Team 45 45 League T31"]
[Site "Internet Chess Club"]
[Date "2006.07.16"]
[Round "4"]
[White "Bookkeeper"]
[Black "AntonioMendonca"]
[Result "1/2-1/2"]
[WhiteElo "1500"]
[BlackElo "1538"]
[TimeControl "2700+45"]

1. e4 c5 2. Nf3 d6 3. d4 cxd4 4. Nxd4 Nf6 5. Nc3 Nc6 6. Be3 Bd7 7. Qd2 Nxd4 8.
Bxd4 e5 9. Be3 Be6 10. Bb5+ Bd7 11. Bxd7+ Qxd7 12. Bg5 Be7 13. O-O O-O 14. Rad1
Rfd8 15. Rfe1 Rac8 16. Bxf6 Bxf6 17. Nd5 Qe6 18. b3 Bh4 19. c4 f5 20. Qd3 Rf8
21. Qh3 Bg5 22. Qh5 Bd8 23. Rd3 fxe4 24. Rxe4 b5 25. h3 bxc4 26. bxc4 Bb6 27.
Rd2 Bc5 28. Rh4 h6 29. Re4 Qf7 30. Qe2 Rb8 31. Qe1 Kh7 32. Ree2 Qf5 33. Rd1 a5
34. Nc7 Rb7 35. Nd5 Rbf7 36. Rdd2 Qg5 37. Rb2 Qg3 38. Nc3 Qg6 39. Nd5 Qd3 40.
Qc1 g6 41. Red2 Qf5 42. Qe1 h5 43. Re2 Qd3 44. Qc1 Qd4 45. Rbd2 Qh4 46. Qc2 Kg7
47. a4 g5 48. Nc3 g4 49. Ne4 gxh3 50. g3 h2+ 51. Kh1 Qh3 52. Rd1 h4 53. Ng5 Qg4
54. Nxf7 Qf3+ 55. Kxh2 hxg3+ 56. fxg3 Qxf7 57. Qe4 Qh5+ 58. Kg2 {Game drawn by
mutual agreement} 1/2-1/2  aics%